 Dungeon Crawl Stone Soup version 0.23-a0-49-gd9f7a49 (webtiles) character file.

14 Amnesiac the Gusty (level 2, -1/19 HPs)
             Began as a Mummy Air Elementalist on Aug 7, 2018.
             Slain by a kobold (3 damage)
             ... on level 1 of the Dungeon.
             The game lasted 00:01:11 (809 turns).

Amnesiac the Gusty (Mummy Air Elementalist)          Turns: 809, Time: 00:01:12

Health: -1/19      AC:  2    Str: 11    XL:     2   Next: 31%
Magic:  5/5        EV: 12    Int: 14    God:
Gold:   46         SH:  0    Dex: 12    Spells: 5/6 levels left

rFire    x . .     SeeInvis .   b - +0 club (curse)
rCold    + . .     Gourm    .   (no shield)
rNeg     + + +     Faith    .   a - +0 robe
rPois    ∞         Spirit   .   (no helmet)
rElec    .         Reflect  .   (no cloak)
rCorr    .         Harm     .   (no gloves)
MR       .....                  (no boots)
Stlth    ++........             (no amulet)
HPRegen  0.06/turn              (no ring)
MPRegen  0.09/turn              (no ring)

@: no status effects
A: no food or potions, fire vulnerability, cold resistance 1, negative energy
resistance 3, torment resistance, unbreathing
a: no special abilities


You were on level 1 of the Dungeon.
You were not hungry.

You visited 1 branch of the dungeon, and saw 2 of its levels.

You collected 46 gold pieces.

Inventory:

Hand Weapons
 b - a cursed +0 club (weapon)
Armour
 a - a +0 robe (worn)


   Skills:
 - Level 1.5 Dodging
 - Level 1.5 Stealth
 + Level 2.9 Spellcasting
 - Level 0.7 Conjurations
 * Level 3.0 Air Magic


You had 5 spell levels left.
You knew the following spells:

 Your Spells              Type           Power        Failure   Level  Hunger
w - Shock                 Conj/Air       #...         10%         1    N/A

Your spell library contained the following spells:

 Spells                   Type           Power        Failure   Level  Hunger
 Lightning Bolt           Conj/Air       #.........   95%         5    N/A
 Swiftness                Chrm/Air       #.......     17%         2    N/A
 Airstrike                Air            ##........   52%         4    N/A
 Static Discharge         Conj/Air       #.......     30%         3    N/A

Dungeon Overview and Level Annotations

Branches:
Dungeon (2/15)

Altars:


Innate Abilities, Weirdness & Mutations

You do not eat or drink.
Your flesh is vulnerable to fire.
You are immune to poison.
Your flesh is cold resistant. (rC+)
You are immune to negative energy. (rN+++)
You are immune to unholy pain and torment.
You can survive without breathing.


Message History

You closely miss the bat.
The bat is severely wounded.
The bat misses you.
The hobgoblin hits you but does no damage.
The bat hits you. The bat closely misses you. The bat closely misses you.
The bat closely misses you. The bat barely misses you.
The bat hits you but does no damage. The bat barely misses you.
There is a stone staircase leading up here.
You barely miss the bat.
The bat is heavily wounded.
The bat hits you but does no damage. x2
You swing at nothing.
The bat hits you.
You closely miss the bat.
The bat is heavily wounded.
The bat closely misses you. The bat hits you but does no damage.
You hit the bat.
The bat is severely wounded.
The bat closely misses you. The bat barely misses you.
The bat hits you but does no damage.
You hit the bat.
You kill the bat!
You closely miss the kobold. The kobold barely misses you. x2
You barely miss the kobold. The kobold closely misses you.
You completely miss the kobold. The kobold hits you.
* * * LOW HITPOINT WARNING * * *
The kobold closely misses you.
You climb upwards.
There is a stone staircase leading down here.
You barely miss the kobold. The kobold barely misses you. x2
You hit the kobold.
The kobold is moderately wounded.
The kobold barely misses you.
You closely miss the kobold.
The kobold is moderately wounded.
The kobold hits you.
* * * LOW HITPOINT WARNING * * *
You hit the kobold but do no damage.
The kobold is moderately wounded.
The kobold closely misses you. x2
You hit the kobold.
The kobold is severely wounded.
The kobold hits you.
* * * LOW HITPOINT WARNING * * *
You are too injured to fight recklessly!
You are too injured to fight recklessly!
You are too injured to fight recklessly!
You are too injured to fight recklessly!
You are too injured to fight recklessly!
You are too injured to fight recklessly!
You barely miss the kobold.
The kobold is severely wounded.
The kobold hits you.
* * * LOW HITPOINT WARNING * * *
You barely miss the kobold.
The kobold is severely wounded.
The kobold barely misses you.
You barely miss the kobold.
The kobold is severely wounded.
The kobold barely misses you. The kobold hits you.
You die...

#. # #.##.....##..##.....#
#.##.#.##.....#..####†####
#....#..#.....#.## ##...#
#......l#.....#..# #...##
##...#..##....#†.###.<.#
#....#.###)..#...#....#
###....#..)..##......##
####.#.#..#.#.....##
#....#...@K.#...###
#.#######.#.##...## #.#
#..#.#..#.#..# #.#
#..#.#..#.##.##
#.####..#.#..#..##.# ####
#.......#....#..##.## ...#
######.####..##.....#####
##.####### #.#
#..###........# .#.#.....#
#.# #..# ###.###..#


You could see a kobold.

Vanquished Creatures
  4 bats
  3 hobgoblins
  A frilled lizard (D:1)
  2 goblins (D:1)
  A kobold (D:2)
  4 rats (D:1)
15 creatures vanquished.

Notes
Turn   | Place    | Note
-------+----------+-------------------------------------------
     0 | D:1      | Amnesiac the Mummy Air Elementalist began the quest for the Orb.
     0 | D:1      | Reached XP level 1. HP: 13/13 MP: 4/4
   709 | D:1      | Reached XP level 2. HP: 19/19 MP: 5/5
   770 | D:2      | Reached skill level 3 in Air Magic
   809 | D:1      | Slain by a kobold

Vault maps used:
D:1:      dpeg_arrival_round_c
D:2:      lexackson_kobold_supper

Skill      XL: |  1  2 |
---------------+-------+-----
Air Magic      | 3 |  3.0
Dodging        | |  1.5
Stealth        | |  1.5
Spellcasting   | |  2.9
Conjurations   | |  0.7

Action                   || total
-------------------------++-------
Melee: Club              ||    55
       Unarmed           ||    16
 Stab: Sleeping          ||     4
Armor: Robe              ||    24
Dodge: Dodged            ||    60

Table legend:
 A = Spawn XP
 B = Non-spawn XP
 C = Spawn XP percentage of total XP
 D = Spawn monster count
 E = Non-spawn monster count
 F = Spawn count percentage of total count
 G = Total turns spent on level
                    A         B        C        D         E        F      G
               +---------+---------+-------+---------+---------+-------+---------
         Total |       0 |      21 |   0.0 |       0 |      15 |   0.0 |   809
               +---------+---------+-------+---------+---------+-------+---------
           D:1 |       0 |      14 |   0.0 |       0 |      11 |   0.0 |   751
           D:2 |       0 |       7 |   0.0 |       0 |       4 |   0.0 |    58
               +---------+---------+-------+---------+---------+-------+---------
